 Dungeon Crawl Stone Soup version 0.30-a0-632-g346586fe48 (webtiles) character file.

Game seed: 12279361687452938355

406 voltaire321 the Charlatan (level 6, -1/47 HPs)
             Began as a Demonspawn Artificer on Jan 14, 2023.
             Slain by a water moccasin (8 damage)
             ... on level 5 of the Dungeon.
             The game lasted 00:09:32 (3870 turns).

voltaire321 the Charlatan (Demonspawn Artificer)    Turns: 3870, Time: 00:09:33

Health: -1/47      AC:  4    Str: 18    XL:     6   Next: 56%
Magic:  6/6        EV: 12    Int: 13    God:
Gold:   405        SH:  0    Dex: 15    Spells: 5/5 levels left

rFire   . . .      SeeInvis .    z - +0 short sword (elec)
rCold   . . .      Faith    .    (no shield)
rNeg    + . .      Spirit   .    b - +0 leather armour
rPois   .          Reflect  .    (no helmet)
rElec   .          Harm     .    f - +0 cloak
rCorr   .          Rampage  .    (no gloves)
Will    .....                    (no boots)
Stlth   ++                       (no amulet)
HPRegen 0.27/turn                t - +6 ring of strength
MPRegen 0.20/turn                C - ring of positive energy

@: lethally poisoned (-1 -> -7)
A: magic regeneration, demonic touch 2
a: no special abilities


You were on level 5 of the Dungeon.
You visited 1 branch of the dungeon, and saw 5 of its levels.

You collected 405 gold pieces.

Inventory:

Hand Weapons
 y - a +0 falchion
 z - a +0 short sword of electrocution (weapon)
Missiles
 r - 18 poisoned darts
Armour
 b - a +0 leather armour (worn)
 f - a +0 cloak (worn)
Jewellery
 t - a +6 ring of strength (left hand)
 C - a ring of positive energy (right hand)
Wands
 c - a wand of flame (11) (quivered)
 d - a wand of charming (15)
 e - a wand of iceblast (5)
Scrolls
 a - 5 scrolls of identify {unknown}
 g - 2 scrolls of enchant armour {unknown}
 j - a scroll of blinking {unknown}
 m - 2 scrolls of teleportation {unknown}
 q - a scroll of fog {unknown}
 u - a scroll of brand weapon {unknown}
 w - a scroll of enchant weapon {unknown}
 x - a scroll of acquirement {unknown}
 D - 2 scrolls of vulnerability {unknown}
Potions
 h - a potion of berserk rage {unknown}
 i - 2 potions of haste {unknown}
 k - 4 potions of lignification {unknown}
 l - a potion of attraction {unknown}
 n - a potion of curing {unknown}
 o - 4 potions of heal wounds {unknown}
 p - a potion of brilliance {unknown}
 s - a potion of ambrosia {unknown}
 v - 3 potions of might {unknown}
 A - a potion of cancellation {unknown}
 B - a potion of degeneration {unknown}
 E - a potion of resistance {unknown}


   Skills:
 + Level 3.2 Fighting
 + Level 3.4 Armour
 + Level 2.9 Dodging
 - Level 2.2 Stealth
 + Level 4.3 Evocations


You had 5 spell levels left.
You didn't know any spells.
Your spell library was empty.

Dungeon Overview and Level Annotations

Branches:
Dungeon (5/15)
 Temple: D:4-7

Altars:
Ashenzari
Dithmenos
Gozag
Ru
Sif Muna
Xom


Innate Abilities, Weirdness & Mutations

You regenerate magic rapidly.
Your touch may inflict irresistible damage on your foes.


Message History

The white imp is lightly wounded.
The white imp closely misses you.
You hit the white imp but do no damage.
Lightning courses through the white imp!
You kill the white imp!
There is a shimmering blue altar of Sif Muna here.
You start resting.
HP restored.
There is an open door here.
The water moccasin bites you.
You are poisoned.
The water moccasin poisons you!
You hit the water moccasin but do no damage.
Your touch misses the water moccasin.
You feel very sick. The water moccasin bites you!
You are more poisoned.
The water moccasin poisons you!
You hit the water moccasin but do no damage.
You feel very sick. The water moccasin bites you.
You hit the water moccasin.
Lightning courses through the water moccasin!!
The water moccasin is almost dead.
You feel very sick.
The water moccasin bites you but does no damage.
The water moccasin barely misses you.
You closely miss the water moccasin.
The water moccasin is almost dead.
You feel very sick. The water moccasin barely misses you.
You closely miss the water moccasin.
The water moccasin is almost dead.
You feel sick. The water moccasin bites you. x2
* * * LOW HITPOINT WARNING * * *
You miss the water moccasin. Your touch misses the water moccasin.
The water moccasin is almost dead.
* * * LOW HITPOINT WARNING * * *
You feel sick. The water moccasin bites you!
You die...

...#....#.###
_..#....#.#####
...#..........##########
...#.#....###...........
####....### ###...≈.8.≈.
......#..# ...≈...≈.
......##.## #..≈≈.≈≈.
......#...######..≈≈.≈≈.
....<.#.........@S≈≈.≈≈.
......#....#####..≈≈_≈≈.
>...†##...## #..≈≈≈≈≈.
....<.#...# ##..≈≈≈..
......##### .......
.....)# ####... ......#
.## ......# . #######


You could see a water moccasin.

Vanquished Creatures
  3 scorpions
  A hound (D:5)
  A jelly (D:5)
  An iguana (D:5)
  5 adders
  A white imp (D:5)
  An ufetubus (D:3)
  A worm (D:3)
  4 dart slugs
  An orc (D:3)
  6 bats
  6 endoplasms
  2 giant cockroaches
  6 goblins
  6 hobgoblins (D:2)
  8 jackals
  3 quokkas
  4 ball pythons
  4 frilled lizards
  6 kobolds
  3 rats
73 creatures vanquished.

Notes
Turn   | Place    | Note
-------+----------+-------------------------------------------
     0 | D:1      | voltaire321 the Demonspawn Artificer began the quest for
                  | the Orb.
     0 | D:1      | Reached XP level 1. HP: 15/15 MP: 1/1
   107 | D:1      | Reached skill level 1 in Dodging
   107 | D:1      | Reached skill level 1 in Stealth
   131 | D:1      | Gained mutation: Your touch may inflict minor irresistible
                  | damage on your foes. [demonic ancestry]
   131 | D:1      | Reached XP level 2. HP: 7/21 MP: 2/2
   278 | D:1      | Found a faded altar of an unknown god.
  1003 | D:2      | Gained mutation: Your touch may inflict irresistible damage
                  | on your foes. [demonic ancestry]
  1003 | D:2      | Reached XP level 3. HP: 14/26 MP: 3/3
  1434 | D:2      | Reached XP level 4. HP: 33/33 MP: 4/4
  2287 | D:3      | Noticed a scorpion
  2292 | D:3      | Killed a scorpion
  2371 | D:3      | Reached XP level 5. HP: 38/38 MP: 5/5
  2627 | D:3      | Found a broken altar of Ashenzari.
  3023 | D:4      | Reached skill level 4 in Evocations
  3194 | D:4      | Found an opulent altar of Gozag.
  3505 | D:5      | Entered Level 5 of the Dungeon
  3505 | D:5      | Found a shimmering altar of Xom.
  3511 | D:5      | Gained mutation: You regenerate magic rapidly. [demonic
                  | ancestry]
  3511 | D:5      | Reached XP level 6. HP: 38/46 MP: 6/6
  3621 | D:5      | Found a sacrificial altar of Ru.
  3621 | D:5      | Noticed a water moccasin
  3641 | D:5      | Found a shadowy altar of Dithmenos.
  3767 | D:5      | Found a shimmering blue altar of Sif Muna.
  3870 | D:5      | Slain by a water moccasin

Illustrated notes

Levels and vault maps discovered:
D:1:      nzn_arrival_depleted_hourglass, layout_loops_corners,
          ebering_ecumenical_altar_abandoned
D:2:      layout_basic, minmay_fractal_squares_5
D:3:      layout_rooms, mainiacjoe_overflow_brackets
D:4:      layout_loops_ring, nicolae_gozag_seed_capital
D:5:      minmay_polygon_palace, layout_rooms, mainiacjoe_overflow_catwalk,
          amcnicky_altar_gilded, nicolae_sif_muna_little_library,
          grunt_dithmenos_smoke, ebering_ghost_gozag, nicolae_zen_rock_garden

Skill      XL: |  1  2  3  4  5  6 |
---------------+-------------------+-----
Dodging        | 1 2 |  2.9
Stealth        | 1 2 |  2.2
Armour         | 2 3 |  3.4
Fighting       | 2 3 |  3.2
Evocations     | 4 |  4.3

Action                   |  1- 3 |  4- 6 || total
-------------------------+-------+-------++-------
Melee: Dagger            |   107 |       ||   107
       Touch             |    14 |    18 ||    32
       Short sword       |    60 |    90 ||   150
       Punch             |     1 |     2 ||     3
       Falchion          |       |    13 ||    13
Evoke: Wand              |       |     4 ||     4
 Stab: Sleeping          |     1 |     4 ||     5
Armor: Leather armour    |    49 |    24 ||    73
Dodge: Dodged            |   109 |    68 ||   177

Table legend: (Time is in decaauts)
 A = Elapsed time spent in this place.
 B = Non-inter-level travel time spent in this place.
 C = Inter-level travel time spent in this place.
 D = Time resting spent in this place.
 E = Time spent auto-exploring this place.
 F = Levels seen in this place.
 G = Mean time per level.
                   A        B        C        D        E       F      G
               +--------+--------+--------+--------+--------+-----+--------+
         Total |   3869 |   3702 |    167 |    114 |   2764 |   5 |  773.8 |
       Dungeon |   3869 |   3702 |    167 |    114 |   2764 |   5 |  773.8 |
               +--------+--------+--------+--------+--------+-----+--------+

Top non-repeatable levels by time:
     D:2: 1276 daAuts
     D:1: 970 daAuts
     D:4: 700 daAuts
     D:3: 558 daAuts
     D:5: 364 daAuts
